 Dungeon Crawl Stone Soup version 0.18.1-8-gdd0e5ea (webtiles) character file.

97 Shtopit the Skirmisher (level 4, -2/75 HPs)
             Began as an Ogre Fighter on May 30, 2016.
             Slain by Robin
             ... wielding a +0 trident
              (3 damage)
             ... on level 2 of the Dungeon.
             The game lasted 00:05:19 (1765 turns).

Shtopit the Skirmisher (Ogre Fighter)               Turns: 1765, Time: 00:05:19

Health: -2/75      AC: 22    Str: 21    XL:     4   Next: 68%
Magic:  4/4        EV:  1    Int:  7    God:
Gold:   58         SH:  8    Dex: 10    Spells: 0 memorised, 3 levels left

rFire  + . .     SeeInvis .     a - +0 flail
rCold  x . .     Gourm    .     (armour currently unavailable)
rNeg   + + +     Faith    .     c - +0 shield
rPois  +         Spirit   .     (helmet currently unavailable)
rElec  .         Dismiss  .     (cloak currently unavailable)
rCorr  .         Reflect  .     (gloves unavailable)
SustAt .         Harm     .     (boots unavailable)
MR     .....     NoTele   +     (no amulet)
Stlth  +.........               (no ring)
                                h - ring of fire

@: exhausted, tree-form, very slightly contaminated, hasted and slowed, not
resistant to hostile enchantments, very unstealthy
A: unfitting armour, (tough skin 0)
a: no special abilities


You were on level 2 of the Dungeon.
You were very hungry.
You were a tree.
You visited 1 branch of the dungeon, and saw 2 of its levels.

You collected 58 gold pieces.

Inventory:

Hand Weapons
 a - a +0 flail (weapon)
Armour
 b - a +0 robe (melded)
 c - a +0 shield (worn)
 q - a +0 cloak (melded)
Jewellery
 g - an uncursed ring of flight
 h - a ring of fire (left branch)
Potions
 d - a potion of might
 n - a potion of flight
Comestibles
 f - 2 bread rations
 o - a meat ration
 r - a chunk of flesh


   Skills:
 + Level 5.0 Fighting
 + Level 3.5 Maces & Flails
 + Level 3.4 Dodging
 + Level 0.1 Stealth
 + Level 3.2 Shields


You had 3 spell levels left.
You didn't know any spells.

Dungeon Overview and Level Annotations

Branches:
Dungeon (2/15)

Altars:

Annotations:
D:2 Robin


Innate Abilities, Weirdness & Mutations

You are too large for most types of armour.
((You have tough skin (AC +1).))


Message History

You feel blessed for a moment.
It was a scroll of remove curse.
Robin roars a battlecry!
The hobgoblin goes into a battle-frenzy!
Robin hits you but does no damage.
Read which item? (? for menu, Esc to quit)
As you read the scroll labeled GUG ADEATOSI, it crumbles to dust.
You cannot teleport because you are held in place by your roots.
It was a scroll of blinking.
* * * LOW HITPOINT WARNING * * *
You feel sick.
You are no longer poisoned.
Robin hits you but does no damage.
Put on which piece of jewellery? (? for menu, Esc to quit)
You feel more attuned to fire.
h - a ring of fire (left branch) Unknown command.
Sorry, you're not good enough to have a special ability.
There are monsters nearby!
Robin hits you from afar with a trident.
You die...

#+####.#### #.# #.# )(.###.#
#.# #.# .8...#.# #.###.###
...#...# #########.#.†...#
..####.#######.......#.#.#.#.##
..# #..........#....).........(
.## ##########...######.#.....#
.# ##)## #.#...#... .# #♣#
#.#...#### ..# #)# #.....# ..#
#g# ###.... ...# .g. .## .8.+
... ...# #...# #+## #...# .....


You could see Robin and a hobgoblin.

Vanquished Creatures
  2 adders (D:2)
  An ooze (D:1)
  A worm (D:2)
  2 dart slugs
  3 giant geckos (D:1)
  3 bats
  2 giant cockroaches
  11 goblins
  7 hobgoblins
  6 jackals
  A quokka (D:1)
  10 giant newts (D:1)
  6 kobolds
  9 rats
64 creatures vanquished.

Notes
Turn   | Place    | Note
--------------------------------------------------------------
     0 | D:1      | Shtopit the Ogre Fighter began the quest for the Orb.
     0 | D:1      | Reached XP level 1. HP: 24/24 MP: 1/1
   245 | D:1      | Reached XP level 2. HP: 32/32 MP: 2/2
   645 | D:1      | Reached XP level 3. HP: 38/40 MP: 3/3
  1587 | D:2      | Reached XP level 4. HP: 47/49 MP: 4/4
  1713 | D:2      | Noticed Robin
  1740 | D:2      | Reached skill level 5 in Fighting
  1755 | D:2      | HP: 3/75 [adder (1)]
  1759 | D:2      | HP: 1/50 [poisoned by an adder]
  1765 | D:2      | Slain by Robin

Skill      XL: |  1  2  3  4 |
---------------+-------------+-----
Dodging        | 3 |  3.4
Shields        | 3 |  3.2
Maces & Flails | 3 |  3.5
Fighting       | 5 |  5.0
Stealth        | |  0.1

Action                   |  1- 3 |  4- 6 || total
-------------------------+-------+-------++-------
Melee: Flail             |   166 |    61 ||   227
  Use: Scroll            |       |     4 ||     4
       Potion            |       |     4 ||     4
  Eat: Chunk             |     2 |     1 ||     3
Armor: Robe              |    53 |    22 ||    75
       Skin              |       |     2 ||     2
Dodge: Dodged            |    65 |    26 ||    91
Block: Shield            |    72 |    37 ||   109
